 Dungeon Crawl Stone Soup version 0.24.0-13-gcf9b319 (webtiles) character file.

Game seed: 16671295782606501792, levelgen mode: deterministic

303 Doobh the Sneak (level 6, -1/52 HPs)
             Began as a Kobold Enchanter on Jan 22, 2020.
             Killed from afar by an orc wizard (7 damage)
             ... with a puff of flame
             ... on level 4 of the Dungeon.
             The game lasted 00:15:06 (5027 turns).

Doobh the Sneak (Kobold Enchanter)                  Turns: 5027, Time: 00:15:06

Health: -1/52      AC: 23    Str:  6    XL:     6   Next: 65%
Magic:  1/10       EV:  3    Int: 22    God:
Gold:   178        SH:  0    Dex: 17    Spells: 5/11 levels left

rFire    . . .     SeeInvis .   a - +1 dagger
rCold    . . .     Gourm    .   (shield restricted)
rNeg     + + +     Faith    .   (armour currently unavailable)
rPois    +         Spirit   .   (helmet currently unavailable)
rElec    .         Reflect  .   (cloak currently unavailable)
rCorr    .         Harm     .   (gloves currently unavailable)
MR       .....     NoTele   +   (boots currently unavailable)
Stlth    +++.......             (no amulet)
HPRegen  0.17/turn              k - +6 ring of intelligence
MPRegen  0.12/turn              p - +2 ring of evasion

@: tree-form
A: small, carnivore
a: no special abilities


You were on level 4 of the Dungeon.
You were very full.
You were a tree.
You visited 1 branch of the dungeon, and saw 4 of its levels.

You collected 178 gold pieces.

Inventory:

Hand Weapons
 a - a +1 dagger (weapon)
Missiles
 n - 2 curare-tipped darts
 o - 6 boomerangs (quivered)
Armour
 b - a +0 robe (melded)
 q - a +1 pair of boots (melded)
 r - a scarf of cloud immunity (melded)
Jewellery
 c - an uncursed amulet of harm
 k - a +6 ring of intelligence (left branch)
 p - a +2 ring of evasion (right branch)
Scrolls
 e - 2 scrolls of remove curse
Potions
 i - a potion of flight
Comestibles
 d - 9 rations


   Skills:
 + Level 1.8 Fighting
 * Level 4.3 Short Blades
 + Level 3.4 Dodging
 + Level 5.0 Stealth
 + Level 3.0 Spellcasting
 * Level 4.3 Hexes


You had 5 spell levels left.
You knew the following spells:

 Your Spells              Type           Power        Failure   Level  Hunger
a - Corona                Hex            ###....      1%          1    None
b - Ensorcelled Hibernat  Hex/Ice        ##....       8%          2    ##.....
c - Confuse               Hex            ###.....     6%          3    ###....

Your spell library contained the following spells:

 Spells                   Type           Power        Failure   Level  Hunger
 Tukima's Dance           Hex            ###.....     6%          3    ###....
 Dazzling Spray           Conj/Hex       ##....       16%         3    ###....


Dungeon Overview and Level Annotations

Branches:
Dungeon (4/15)
 Temple: D:4-7

Altars:
Elyvilon
Kikubaaqudgha
Okawaru
Yredelemnul


Innate Abilities, Weirdness & Mutations

You are small and have problems with some larger weapons.
You are carnivorous and can eat meat at any time.


Message History

Casting: Ensorcelled Hibernation (safe; 8% risk of failure)
Confirm with . or Enter, or press ? or * to list all spells.
Aiming: Ensorcelled Hibernation (safe; 8% risk of failure)
Press: ? - help, Shift-Dir - straight line, f/p - orc wizard
Aim: an orc wizard, wielding a +0 dagger and wearing a +0 robe (heavily wounded, chance to defeat MR: 43%)
The orc wizard resists with some effort.
The orc wizard hits you but does no damage.
You barely miss the orc wizard.
The orc wizard is heavily wounded.
The orc wizard hits you but does no damage.
You hit the orc wizard but do no damage.
The orc wizard is heavily wounded.
The orc wizard hits you but does no damage.
You hit the orc wizard.
The orc wizard is heavily wounded.
You completely miss the orc wizard.
The orc wizard is heavily wounded.
The orc wizard casts a spell at you. The puff of flame hits you!
You die...

##.................# #....#
##...)..............#
#....##
#...................#
#.....#
#...................#
#.....#
###.................#
##....# ####..............#
#....# #####......o...#
#....# # #######o####
#....#### #♣## ##...##..
#########.# ##.....)
####.....###.## ####.......
#.......<.....####.........#
##............#..........###
##.....................##
####.....#.############
###..#### ####


You could see an orc wizard and an orc.

Vanquished Creatures
  A crimson imp (D:4)
  An orc priest (D:2)
  A hound (D:4)
  An iguana (D:4)
  An orc wizard (D:4)
  2 worker ants (D:4)
  3 adders
  An ooze (D:4)
  2 worms
  2 dart slugs
  8 orcs
  5 bats
  3 giant cockroaches
  4 goblins
  11 hobgoblins
  2 jackals (D:1)
  8 kobolds
  2 quokkas (D:4)
  A ball python (D:1)
  4 frilled lizards
  3 rats
  A spectral orc (D:2)
67 creatures vanquished.

Notes
Turn   | Place    | Note
-------+----------+-------------------------------------------
     0 | D:1      | Doobh the Kobold Enchanter began the quest for the Orb.
     0 | D:1      | Reached XP level 1. HP: 10/10 MP: 3/3
   220 | D:1      | Reached XP level 2. HP: 15/15 MP: 5/5
   224 | D:1      | Learned a level 2 spell: Ensorcelled Hibernation
  1075 | D:1      | Reached XP level 3. HP: 20/20 MP: 0/6
  1490 | D:2      | Found a faded altar of an unknown god.
  1760 | D:2      | Reached XP level 4. HP: 24/24 MP: 4/7
  2116 | D:2      | Reached skill level 1 in Fighting
  2322 | D:2      | Found an ancient bone altar of Kikubaaqudgha.
  2408 | D:2      | Learned a level 3 spell: Confuse
  2416 | D:2      | Found a white marble altar of Elyvilon.
  2464 | D:2      | Found a basalt altar of Yredelemnul.
  2728 | D:3      | Reached XP level 5. HP: 29/29 MP: 3/8
  3594 | D:4      | Found an iron altar of Okawaru.
  3782 | D:4      | Reached XP level 6. HP: 34/34 MP: 10/10
  3839 | D:4      | Reached skill level 5 in Stealth
  5027 | D:4      | Killed from afar by an orc wizard

Levels and vault maps discovered:
D:1:      wander_arrival_fairy_ring, layout_basic
D:2:      layout_rooms, lemuel_round_altar, elyvilon_altar_4,
          yredelemnul_forgotten_temple_becter, chequers_ecumenical_altar_simple
D:3:      layout_loops_ring, chequers_serial_rivers_marsh, lemuel_flame_loot_1
D:4:      layout_cave_pods, okawaru_metal_pillars_1_2, first_ration

Skill      XL: |  1  2  3  4  5  6 |
---------------+-------------------+-----
Short Blades   | 2 3 4 |  4.3
Fighting       | 1 |  1.8
Dodging        | 3 |  3.4
Hexes          | 4 |  4.3
Stealth        | 5 |  5.0
Spellcasting   | 3 |  3.0

Action                   |  1- 3 |  4- 6 || total
-------------------------+-------+-------++-------
Melee: Dagger            |    45 |   128 ||   173
Throw: Boomerang         |       |     5 ||     5
 Cast: Ensorcelled Hiber |    26 |    23 ||    49
  Use: Potion            |       |     5 ||     5
       Scroll            |       |     7 ||     7
 Stab: Sleeping          |    26 |    27 ||    53
       Distracted        |       |     1 ||     1
  Eat: Chunk             |    13 |     9 ||    22
Armor: Robe              |     9 |    15 ||    24
       Skin              |       |    15 ||    15
Dodge: Dodged            |    49 |    65 ||   114
